 Dungeon Crawl Stone Soup version 0.28-a0-1130-gc51a68064b (webtiles) character file.

Game seed: 4155299391117246389

26901 vurker the Thaumaturge (level 12, 106/106 HPs)
             Began as a Demigod Air Elementalist on Dec 12, 2021.
             Quit the game on level 4 of the Lair of Beasts.
             The game lasted 00:22:35 (26384 turns).

vurker the Thaumaturge (Demigod Air Elementalist)  Turns: 26384, Time: 00:22:36

Health: 106/106    AC:  8    Str:  9    XL:     12   Next: 64%
Magic:  34/34      EV: 12    Int: 39    God:
Gold:   907        SH:  6    Dex: 17    Spells: 32/37 levels left

rFire   . . .      SeeInvis .   i - staff of air
rCold   . . .      Faith    .   v - +0 buckler
rNeg    . . .      Spirit   .   a - +0 robe
rPois   .          Reflect  .   b - +1 helmet
rElec   +          Harm     .   B - +0 cloak of Ibluneis {Will+ Dex+3}
rCorr   .          Rampage  .   C - +2 pair of gloves {hurl}
Will    +++..                   (no boots)
Stlth   ++........              (no amulet)
HPRegen 0.27/turn               D - +6 ring of intelligence
MPRegen 0.24/turn               c - ring of willpower

@: studying Shields
A: high mp 1, forlorn, divine attributes
a: no special abilities


You were on level 4 of the Lair of Beasts.
You visited 2 branches of the dungeon, and saw 16 of its levels.

You collected 976 gold pieces.
You spent 69 gold pieces at shops.

Inventory:

Armour
 a - a +0 robe (worn)
 b - a +1 helmet (worn)
   (You found it on level 1 of the Dungeon)
 v - a +0 buckler (worn)
   (You found it on level 1 of the Dungeon)
 B - the +0 cloak of Ibluneis (worn) {Will+ Dex+3}
   (You found it on level 8 of the Dungeon)

   Dex:       It affects your dexterity (+3).
   Will:      It increases your willpower.
 C - a +2 pair of gloves of hurling (worn)
   (You found it on level 10 of the Dungeon)
 G - a +0 kite shield
   (You found it on level 3 of the Lair of Beasts)
Magical Staves
 i - a staff of air (weapon)
   (You found it on level 2 of the Dungeon)
Jewellery
 c - a ring of willpower (right hand)
   (You found it on level 11 of the Dungeon)
 D - a +6 ring of intelligence (left hand)
   (You found it on level 8 of the Dungeon)
 E - a ring of protection from fire
   (You found it on level 3 of the Lair of Beasts)
Wands
 d - a wand of iceblast (5)
   (You found it on level 11 of the Dungeon)
 t - a wand of flame (41)
   (You took it off Terence on level 2 of the Dungeon)
 u - a wand of paralysis (4)
   (You found it on level 9 of the Dungeon)
 w - a wand of polymorph (20)
   (You took it off an orc wizard on level 6 of the Dungeon)
 x - a wand of acid (5)
   (You found it on level 1 of the Lair of Beasts)
Scrolls
 e - a scroll of blinking
 f - a scroll of magic mapping
 l - 6 scrolls of teleportation
 o - 4 scrolls of fear
 q - a scroll of fog
 y - 4 scrolls of enchant weapon
 I - a scroll of summoning
 J - a scroll of identify
Potions
 g - 3 potions of curing
 h - 2 potions of brilliance {unknown}
 j - 4 potions of haste
 k - 2 potions of mutation {unknown}
 m - a potion of ambrosia {unknown}
 n - a potion of flight {unknown}
 p - 3 potions of heal wounds
 r - 3 potions of resistance
 s - 3 potions of cancellation
 z - 2 potions of invisibility {unknown}
 A - a potion of might {unknown}
 F - 2 potions of lignification {unknown}
 H - 2 potions of magic {unknown}


   Skills:
 + Level 10.2 Fighting
 - Level 1.7 Dodging
 - Level 1.7 Stealth
 + Level 6.5 Shields
 * Level 13.3 Spellcasting
 - Level 3.0 Conjurations
 - Level 9.0 Air Magic


You had 32 spell levels left.
You knew the following spells:

 Your Spells              Type           Power      Damage    Failure   Level
a - Shock                 Conj/Air       100%       1d9       1%          1
c - Airstrike             Air            48%        N/A       1%          4

Your spell library contained the following spells:

 Spells                   Type           Power      Damage    Failure   Level
 Animate Skeleton         Necr           52%        N/A       1%          1
 Apportation              Tloc           52%        N/A       1%          1
 Magic Dart               Conj           100%       1d8       1%          1
 Summon Small Mammal      Summ           100%       N/A       1%          1
 Call Imp                 Summ           26%        N/A       1%          2
 Scorch                   Fire           52%        2d7       1%          2
 Static Discharge         Conj/Air       83%        N/A       1%          2
 Mephitic Cloud           Conj/Pois/Air  72%        N/A       1%          3
 Swiftness                Air            97%        N/A       1%          3
 Inner Flame              Hex/Fire       26%        N/A       4%          3
 Flame Wave               Conj/Fire      37%        2d7       7%          4
 Sticky Flame             Conj/Fire      37%        2d6       7%          4
 Animate Armour           Summ/Erth      52%        N/A       13%         4
 Cause Fear               Hex            13%        N/A       13%         4
 Dispel Undead            Necr           26%        3d13      13%         4
 Blade Hands              Tmut           13%        N/A       36%         5
 Iron Shot                Conj/Erth      18%        9d4       73%         6
 Summon Cactus Giant      Summ           13%        N/A       90%         6
 Discord                  Hex            13%        N/A       100%        8


Dungeon Overview and Level Annotations

Branches:
Dungeon (11/15)            Temple (0/1) D:7            Lair (5/6) D:8
 Shoals (0/4) Lair:2        Snake (0/4) Lair:3          Orc (0/2) D:9
  Slime: Lair:5-6

Shops:
D:3 *


Innate Abilities, Weirdness & Mutations

You have an increased reservoir of magic. (+10% MP)
You shall have no god before yourself.
Your divine heritage dramatically boosts your attributes as you level up.


Message History

Aim: a death yak (empty space bonus: 7/8)
You feel a surge of power!
The air twists around and strikes the death yak!
You hear a bellow! x2
A death yak comes into view. x2
Aim: a death yak (lightly wounded, empty space bonus: 7/8)
You feel a surge of power!
The air twists around and strikes the death yak!
A death yak comes into view.
Aim: a death yak (moderately wounded, empty space bonus: 3/8)
You feel a surge of power!
The air twists around and strikes the death yak!
Aim: a death yak (heavily wounded, empty space bonus: 5/8)
You feel a surge of power!
The air twists around and strikes the death yak!
Aim: a death yak (heavily wounded, empty space bonus: 4/8)
You feel a surge of power!
The air twists around and strikes the death yak!
A water moccasin comes into view.
The water moccasin hisses angrily.
The death yak barely misses you.
There is an escape hatch in the ceiling here.
A mysterious force pulls you upwards. The hatch slams shut behind you.
Aim: a death yak (empty space bonus: 5/8)
You feel a surge of power!
The air twists around and strikes the death yak!
The death yak gores you!
Aim: a death yak (lightly wounded, empty space bonus: 5/8)
You feel a surge of power!
The air twists around and strikes the death yak!
The death yak gores you but does no damage.
Aim: a death yak (moderately wounded, empty space bonus: 5/8)
You feel a surge of power!
The air twists around and strikes the death yak!!
The death yak gores you!!
Aim: a death yak (heavily wounded, empty space bonus: 5/8)
You feel a surge of power!
The air twists around and strikes the death yak!
The death yak gores you!
Aim: a death yak (severely wounded, empty space bonus: 5/8)
You feel a surge of power!
The air twists around and strikes the death yak!
The death yak misses you.
The mass of ice explodes!
The iceblast engulfs the death yak.
The death yak gores you!!
* * * LOW HITPOINT WARNING * * *
The mass of ice explodes!
The iceblast engulfs the death yak.
You kill the death yak!
Unknown command.
Done exploring.

######.....###...# #
#..........P#....## ####
##..........####...##
#.#. #...........#
##...#####..
###........## #....#....#
#.........# ##........##
#.........####.#......###
##..####...##.##........#
#### #@....###....#####
###รท#....###..#
###.........##.P#
#..........P.#..#
#........PP.....#
#........PP...###
#.........PP..##
###............######
#............##P#.#


There were no monsters in sight!

Vanquished Creatures
  A hydra (Lair:4)
  A death yak (Lair:4)
  A two-headed ogre (D:9)
  2 cyclopes (D:11)
  Maurice (D:8)
  6 black mambas
  A gargoyle (D:10)
  8 cane toads
  An unseen horror (D:10)
  3 komodo dragons
  A torpor snail (Lair:3)
  A rime drake (Lair:5)
  2 polar bears
  Prince Ribbit (D:7)
  3 slime creatures (D:11)
  Grinder (D:5)
  9 blink frogs
  A shadow (D:11)
  A wraith (D:11)
  A vampire (D:11)
  29 yaks
  4 fire bats (D:8)
  A steam dragon (D:5)
  3 wyverns
  3 basilisks
  Edmund (D:4)
  Menkaure (D:4)
  2 acid dragons
  A hell hound (D:8)
  14 water moccasins
  A sky beast (D:7)
  8 orc warriors
  A black bear (D:4)
  A necrophage (D:4)
  16 wolves
  4 ogres
  A phantom (D:6)
  7 centaurs
  Blork the orc (D:4)
  A kobold brigand (D:6)
  9 bullfrogs
  A gnoll sergeant (D:7)
  14 killer bees
  2 howler monkeys
  7 electric eels
  2 lava snakes (D:8)
  2 centaur zombies
  3 hounds
  2 jellies
  11 orc priests
  Terence (D:2)
  An iguana (D:6)
  2 hell rats (Lair:1)
  15 orc wizards
  2 killer bee zombies
  2 howler monkey skeletons
  7 gnolls
  6 adders
  13 river rats
  A white imp (D:7)
  An ufetubus (D:4)
  5 worms
  51 orcs
  4 ball pythons
  5 bats
  5 endoplasms
  2 giant cockroaches
  4 goblins
  7 hobgoblins
  3 jackals (D:2)
  4 quokkas
  A frilled lizard (D:3)
  15 kobolds
  8 rats
  3 fire vortices (D:8)
367 creatures vanquished.

Vanquished Creatures (others)
  A bush (Lair:5)
  17 fungi
  35 plants
53 creatures vanquished.

Grand Total: 420 creatures vanquished

Notes
Turn   | Place    | Note
-------+----------+-------------------------------------------
     0 | D:1      | vurker the Demigod Air Elementalist began the quest for the
                  | Orb.
     0 | D:1      | Reached XP level 1. HP: 14/14 MP: 5/5
   279 | D:1      | Reached skill level 1 in Conjurations
   529 | D:1      | Reached skill level 2 in Spellcasting
   612 | D:1      | Reached XP level 2. HP: 22/22 MP: 4/7
  1311 | D:2      | Noticed Terence
  1631 | D:2      | Killed Terence
  1632 | D:2      | Reached XP level 3. HP: 15/27 MP: 0/9
  2670 | D:3      | Reached skill level 1 in Shields
  2801 | D:3      | Reached skill level 1 in Fighting
  2801 | D:3      | Reached XP level 4. HP: 35/35 MP: 6/10
  3702 | D:3      | Found Rolieb's Assorted Antiques.
  4219 | D:4      | Noticed Blork the orc
  4228 | D:4      | Killed Blork the orc
  4229 | D:4      | Reached skill level 3 in Spellcasting
  4229 | D:4      | Reached XP level 5. HP: 33/40 MP: 6/12
  4412 | D:4      | Noticed an ogre
  4421 | D:4      | Killed an ogre
  4616 | D:4      | Reached XP level 6. HP: 48/48 MP: 11/14
  4731 | D:4      | Noticed Edmund
  4742 | D:4      | Killed Edmund
  5095 | D:4      | Noticed Menkaure
  5106 | D:4      | Killed Menkaure
  5201 | D:4      | Reached XP level 7. HP: 56/56 MP: 8/16
  5277 | D:4      | Reached skill level 4 in Spellcasting
  5318 | D:4      | Learned a level 4 spell: Airstrike
  5964 | D:5      | Entered Level 5 of the Dungeon
  6093 | D:3      | Bought a scroll labelled LEGHUA MEKYAGGUEZ for 24 gold
                  | pieces
  6093 | D:3      | Bought a scroll labelled LEGHUA MEKYAGGUEZ for 24 gold
                  | pieces
  6093 | D:3      | Bought a lumpy coppery potion for 21 gold pieces
  6304 | D:4      | Reached skill level 5 in Air Magic
  6639 | D:5      | Noticed a steam dragon
  6649 | D:5      | Killed a steam dragon
  6649 | D:5      | HP: 2/56 [something (2)]
  7047 | D:5      | Reached XP level 8. HP: 44/63 MP: 9/18
  7213 | D:5      | Noticed Grinder
  7219 | D:5      | Killed Grinder
  7220 | D:5      | Reached skill level 5 in Spellcasting
  9147 | D:6      | Reached skill level 6 in Spellcasting
  9267 | D:6      | Reached XP level 9. HP: 71/71 MP: 8/22
  9538 | D:7      | Found a staircase to the Ecumenical Temple.
 10286 | D:7      | Noticed Prince Ribbit
 10289 | D:7      | Killed Prince Ribbit
 11408 | D:8      | Found a staircase to the Lair.
 11409 | D:8      | Noticed Maurice
 11414 | D:8      | Killed Maurice
 11415 | D:8      | Reached skill level 5 in Fighting
 11415 | D:8      | Reached skill level 7 in Spellcasting
 12772 | D:8      | Identified the +0 cloak of Ibluneis {Will+ Dex+3}
 12913 | D:9      | Reached XP level 10. HP: 81/81 MP: 20/25
 12942 | D:9      | Found a staircase to the Orcish Mines.
 13741 | D:9      | Reached skill level 8 in Spellcasting
 13943 | D:9      | Noticed a two-headed ogre
 13959 | D:9      | Killed a two-headed ogre
 15050 | D:10     | Entered Level 10 of the Dungeon
 15120 | D:10     | Reached skill level 9 in Spellcasting
 16970 | D:11     | Reached XP level 11. HP: 92/92 MP: 12/29
 17058 | D:11     | Reached skill level 10 in Spellcasting
 18076 | Lair:1   | Entered Level 1 of the Lair of Beasts
 19160 | Lair:1   | Reached skill level 11 in Spellcasting
 19822 | Lair:2   | Found a staircase to the Shoals.
 21788 | Lair:3   | Reached skill level 12 in Spellcasting
 22200 | Lair:3   | Reached XP level 12. HP: 9/104 MP: 5/33
 22608 | Lair:3   | Found a staircase to the Snake Pit.
 24252 | Lair:4   | Noticed a four-headed hydra
 24256 | Lair:4   | Killed a four-headed hydra
 24257 | Lair:4   | Reached skill level 5 in Shields
 24452 | Lair:4   | Reached skill level 13 in Spellcasting
 25082 | Lair:5   | Reached skill level 10 in Fighting
 26384 | Lair:4   | Quit the game

Illustrated notes

Levels and vault maps discovered:
D:1:      dpeg_arrival_radiant, layout_rooms
D:2:      layout_basic, uniq_terence
D:3:      layout_loops_corners, serial_shops, shop_fountains, amethyst_killhole,
          moated_statue, minmay_circle_x
D:4:      layout_loops_corners, lightli_sewer_entry_pipes, minivault_24,
          uniq_menkaure, uniq_edmund, uniq_blork_the_orc
D:5:      layout_loops_ring, minmay_manual_monolith, uniq_grinder
D:6:      layout_rooms, hangedman_decor_opposing, serial_bayou_ford_a
D:7:      layout_layer_cave, temple_pool_b, dk_noncrumbling_3, hex_large,
          uniq_prince_ribbit1
D:8:      layout_cave_pools, cheibrodos_worm_habitat, dpeg_oklobed_lair,
          nicolae_ossuary_entry_ruins, hangedman_incinerator, uniq_maurice
D:9:      layout_long_grid, david_orc_5
D:10:     layout_basic, david_defended_altar_orc
D:11:     layout_basic
Lair:1:   layout_cave_pods, minivault_24, kennysheep_abandoned_house,
          infiniplex_staircase_pool
Lair:2:   layout_roguey, elwin_shoals_entry_rocks, serial_bayou,
          serial_bayou_lagoon_a, serial_bayou_pond_e, serial_bayou_lake_a,
          serial_bayou_crossing, grunt_megastairs_5
Lair:3:   layout_layer_cave, minmay_snake_entry_six_corridors
Lair:4:   layout_cave_pods, lemuel_fruit_fields
Lair:5:   layout_loops_ring

Skill      XL: |  1  2  3  4  5  6  7  8  9 10 11 12 |
---------------+-------------------------------------+-----
Conjurations   | 1 2 3 |  3.0
Spellcasting   | 2 3 4 6 7 9 12 13 | 13.3
Air Magic      | 3 4 5 6 8 9 |  9.0
Shields        | 1 2 3 4 6 |  6.5
Fighting       | 1 2 3 4 5 7 9 10 | 10.2
Dodging        | |  1.7
Stealth        | |  1.7

Action                   |  1- 3 |  4- 6 |  7- 9 | 10-12 || total
-------------------------+-------+-------+-------+-------++-------
Melee: Unarmed           |     5 |       |       |       ||     5
       Dagger            |     8 |       |       |       ||     8
       Staff             |     1 |       |       |     9 ||    10
 Cast: Shock             |    86 |    87 |   103 |   105 ||   381
       Airstrike         |       |       |   131 |   364 ||   495
Evoke: Wand              |       |       |     1 |     5 ||     6
  Use: Scroll            |       |       |    16 |     6 ||    22
       Potion            |       |       |     1 |     2 ||     3
Armor: Robe              |     8 |       |    10 |    33 ||    51
Dodge: Dodged            |    21 |     8 |    53 |    88 ||   170
Block: Buckler           |       |       |     7 |    34 ||    41

Table legend: (Time is in decaauts)
 A = Elapsed time spent in this place.
 B = Non-inter-level travel time spent in this place.
 C = Inter-level travel time spent in this place.
 D = Time resting spent in this place.
 E = Time spent auto-exploring this place.
 F = Levels seen in this place.
 G = Mean time per level.
                   A        B        C        D        E       F      G
               +--------+--------+--------+--------+--------+-----+--------+
         Total |  26502 |  25790 |    712 |   2920 |  20338 |  16 | 1656.4 |
       Dungeon |  18138 |  17493 |    645 |   1697 |  14081 |  11 | 1648.9 |
          Lair |   8364 |   8297 |     67 |   1223 |   6256 |   5 | 1672.8 |
               +--------+--------+--------+--------+--------+-----+--------+

Top non-repeatable levels by time:
     D:4: 2459 daAuts
  Lair:4: 2360 daAuts
  Lair:3: 2055 daAuts
     D:8: 1988 daAuts
  Lair:2: 1908 daAuts
     D:7: 1869 daAuts
    D:10: 1797 daAuts
     D:9: 1714 daAuts
     D:5: 1660 daAuts
     D:3: 1589 daAuts
  Lair:1: 1572 daAuts
     D:1: 1375 daAuts
     D:2: 1282 daAuts
    D:11: 1206 daAuts
     D:6: 1195 daAuts
